 Dungeon Crawl Stone Soup version 0.29.1-15-g9cfb28693d (webtiles) character file.

Game seed: 17475191895009221588

1 Jane2 the Ducker (level 1, -1/10 HPs)
             Began as a Felid Chaos Knight on Mar 26, 2023.
             Was a Plaything of Xom.
             Slain by a goblin
             ... wielding a +1 vampiric dagger
              (4 damage)
             ... on level 1 of the Dungeon.
             The game lasted 00:00:21 (53 turns).

Jane2 the Ducker (Felid Chaos Knight)                 Turns: 53, Time: 00:00:22

Health: -1/10      AC:  1    Str:  8    XL:     1   Next: 16%
Magic:  2/2        EV: 17    Int: 13    God:    Xom [..*...]
Gold:   6          SH:  0    Dex: 15    Spells: 0/0 levels left
                                        Lives:  0   Deaths: 0

rFire   . . .      SeeInvis +     - Unarmed
rCold   . . .      Faith    .   (shield unavailable)
rNeg    . . .      Spirit   .   (body armour unavailable)
rPois   .          Reflect  .   (helmet unavailable)
rElec   .          Harm     .   (cloak unavailable)
rCorr   .          Rampage  .   (gloves unavailable)
Will    .....                   (boots unavailable)
Stlth   +.........              (no amulet)
HPRegen 0.03/turn               (no ring)
MPRegen 0.08/turn               (no ring)

@: quick
A: very small, claws 1, fangs 3, see invisible, speed 1, shaggy fur 1, stealthy
paws, no weapons or thrown items, no armour, multi-lived
a: Renounce Religion


You were on level 1 of the Dungeon.
You worshipped Xom.
You were a toy of Xom.
You visited 1 branch of the dungeon, and saw 1 of its levels.

You collected 6 gold pieces.

Inventory:

Jewellery
 b - a +4 ring of evasion
Miscellaneous
 a - a piece from Xom's chessboard (15/15) (quivered)


   Skills:
 + Level 3.0 Fighting
 + Level 3.2 Dodging
 + Level 3.0 Unarmed Combat


You couldn't memorise any spells.
You didn't know any spells.
Your spell library was empty.

Dungeon Overview and Level Annotations

Branches:
Dungeon (1/15)

Altars:


Innate Abilities, Weirdness & Mutations

You have sharp claws.
You have razor-sharp teeth.
You have supernaturally acute eyesight. (SInv)
You cover ground quickly. (Speed+)
You are covered in fur. (AC +1)
Your paws help you pounce on unaware monsters.
You are incapable of wielding weapons or throwing items.
You cannot wear armour.
You gain extra lives every three experience levels.


Message History

You now have 6 gold pieces.
b - a +4 ring of evasion An endoplasm comes into view.
An endoplasm is nearby!
The endoplasm jiggles.
The endoplasm freezes you.
You are frozen.
A kobold comes into view. It is wielding a +0 dagger.
The endoplasm completely misses you.
You scratch the endoplasm.
The endoplasm is heavily wounded.
The kobold shouts!
The endoplasm completely misses you.
The kobold throws a stone.
The stone barely misses you.
The stone hits the endoplasm.
A hobgoblin comes into view.
You scratch the endoplasm.
You kill the endoplasm!
The kobold throws a stone.
The stone hits you.
The kobold throws a stone.
The stone misses you.
A goblin comes into view. It is wielding a +1 vampiric dagger.
The goblin shouts!
The kobold throws a stone.
The stone misses you.
The kobold throws a stone.
The stone barely misses you. The hobgoblin barely misses you.
You scratch the hobgoblin but do no damage.
Your bite misses the hobgoblin. The hobgoblin closely misses you.
You closely miss the hobgoblin. The hobgoblin misses you.
The goblin hits you with a +1 vampiric dagger.
* * * LOW HITPOINT WARNING * * *
You barely miss the hobgoblin. You bite the hobgoblin.
The hobgoblin is severely wounded.
The hobgoblin hits you but does no damage.
The goblin completely misses you.
You closely miss the hobgoblin.
The hobgoblin is severely wounded.
You barely miss the hobgoblin.
The hobgoblin is severely wounded.
The hobgoblin misses you.
The goblin hits you with a +1 vampiric dagger.
You die...

......# #.....# ##.#
#.....# ####
...####.....# ...###
....##.....#
.....###..#........#
........# ###..g...#
........# #...Kg@..#
...<....# #....#####
..♣....## #.....##
.......####......#
......##.##....#.#
#.....##.#....g#...
###...##.#...K...g..
####...#.##....#...
###.###.##....#...


You could see a hobgoblin, a goblin and a kobold.

Vanquished Creatures
  An endoplasm (D:1)
1 creature vanquished.

Notes
Turn   | Place    | Note
-------+----------+-------------------------------------------
     0 | D:1      | Jane2 the Felid Chaos Knight began the quest for the Orb.
     0 | D:1      | Reached XP level 1. HP: 10/10 MP: 2/2
    53 | D:1      | Slain by a goblin

Illustrated notes

Levels and vault maps discovered:
D:1:      spicycebolla_green_bress_n_ham, layout_basic, serial_shops,
          nicolae_shop_advertising_works [nicolae_subvault_shop_adworks],
          basic_ecumenical_altar

Action                   || total
-------------------------++-------
Melee: Unarmed           ||     7
       Bite              ||     1
Armor: Skin              ||     1
Dodge: Dodged            ||    11
